 Dungeon Crawl Stone Soup version 0.27-a0-1319-geec4fb4e21 (webtiles) character file.

Game seed: 7666290793139540026

1003 avis the Reanimator (level 8, -1/62 HPs)
             Began as a Deep Dwarf Necromancer on June 21, 2021.
             Killed from afar by Dowan (9 damage)
             ... with a stone arrow
             ... on level 5 of the Dungeon on June 22, 2021.
             The game lasted 00:28:03 (5250 turns).

avis the Reanimator (Deep Dwarf Necromancer)        Turns: 5250, Time: 00:28:05

Health: -1/62      AC:  5    Str: 12    XL:     8   Next: 0%
Magic:  0/20 (11)  EV: 12    Int: 20    God:
Gold:   159        SH:  0    Dex: 10    Spells: 7/11 levels left

rFire    . . .     SeeInvis .   a - +3 mace (protect)
rCold    . . .     Faith    .   (no shield)
rNeg     . . .     Spirit   .   d - +0 robe
rPois    .         Reflect  .   g - +2 helmet
rElec    .         Harm     .   (no cloak)
rCorr    .         Rampage  .   (no gloves)
Will     +++..                  (no boots)
Stlth    +++.......             (no amulet)
HPRegen  0.00/turn              v - ring "Lakle" {Will++ MP+9 Int+2 Dex-3}
MPRegen  0.17/turn              (no ring)

@: no status effects
A: damage resistance, heal wounds, sense surroundings 1, no regeneration
a: Heal Wounds


You were on level 5 of the Dungeon.
You visited 1 branch of the dungeon, and saw 5 of its levels.

You collected 159 gold pieces.

Inventory:

Hand Weapons
 a - a +3 mace of protection (weapon)
 b - a +0 longbow
 l - a +0 hunting sling
 w - a +2 short sword of holy wrath
Missiles
 f - 7 curare-tipped darts
 j - 79 stones
 k - 28 arrows
 o - 12 poisoned darts (quivered)
 y - 38 sling bullets
Armour
 d - a +0 robe (worn)
 g - a +2 helmet (worn)
 s - a +0 chain mail
 t - a +0 ring mail
 x - a +0 scale mail
 A - a +0 pair of gloves
Jewellery
 v - the ring "Lakle" (left hand) {Will++ MP+9 Int+2 Dex-3}
   (You found it on level 4 of the Dungeon)

   [ring of magical power]

   It affects your intelligence (+2).
   It affects your dexterity (-3).
   It affects your magic capacity (+9).
   It greatly increases your willpower.
Wands
 e - a wand of paralysis (3)
Scrolls
 m - 2 scrolls of teleportation
 p - a scroll of identify
Potions
 c - a potion of degeneration {unknown}
 h - 2 potions of haste
 i - a potion of magic
 n - a potion of lignification
 q - 2 potions of curing
 r - a potion of heal wounds
 u - a potion of brilliance {unknown}
 z - a potion of berserk rage {unknown}


   Skills:
 * Level 4.5 Armour
 - Level 2.1 Dodging
 - Level 5.0 Stealth
 - Level 2.0 Spellcasting
 + Level 9.2 Necromancy


You had 7 spell levels left.
You knew the following spells:

 Your Spells              Type           Power      Damage    Failure   Level
a - Pain                  Necr           100%       1d9       1%          1
d - Vampiric Draining     Necr           19%        2d8       1%          3

Your spell library contained the following spells:

 Spells                   Type           Power      Damage    Failure   Level
 Animate Skeleton         Necr           76%        N/A       1%          1
 Animate Dead             Necr           19%        N/A       3%          4
 Agony                    Necr           38%        N/A       10%         5
 Beastly Appendage        Tmut           4%         N/A       16%         1
 Wereblood                Tmut           2%         N/A       24%         2
 Confusing Touch          Hex            2%         N/A       43%         3
 Gell's Gravitas          Tloc           1%         N/A       43%         3
 Spider Form              Tmut/Pois      1%         N/A       43%         3
 Ice Form                 Ice/Tmut       2%         N/A       83%         4
 Petrify                  Tmut/Erth      2%         N/A       83%         4
 Metabolic Englaciation   Hex/Ice        1%         N/A       99%         5
 Yara's Violent Unravell  Hex/Tmut       1%         3d3       99%         5


Dungeon Overview and Level Annotations

Branches:
Dungeon (5/15)
 Temple: D:4-7

Altars:
Hepliaklqana
Xom
Zin

Portals:
Sewer: D:5

Annotations:
D:3 2 runed translucent doors, freelancePsychic's ghost, amateur DjEn
D:5 Dowan


Innate Abilities, Weirdness & Mutations

You are resistant to damage.
You can heal yourself by infusing magical energy.
You passively map a small area around you.
You do not regenerate.


Message History

Aim: Duvessa, wielding a +0 short sword and wearing a +1 leather armour of fire resistance (almost dead, fast)
You draw life force from Duvessa!
You kill Duvessa!
Dowan seems overcome with grief, but rights himself reflexively soon after.
Dowan seems to find hidden reserves of power!
You feel life coursing into your body. Dowan casts a spell at you.
The stone arrow hits you.
* * * LOW HITPOINT WARNING * * *
Your Armour skill increases to level 4!
You have reached level 8!
You feel clever.
Aiming: Paralyse
Press: ? - help, Shift-Dir - straight line, f - Dowan
Aim: Dowan, wielding a +1 dagger of electrocution and wearing a +0 robe (fast, chance to affect: 46%) Dowan resists with some effort.
Dowan barely misses you.
Casting: Vampiric Draining (safe; 1% risk of failure)
Confirm with . or Enter, or press ? or * to list all spells.
Aiming: Vampiric Draining (safe; 1% risk of failure)
Press: ? - help, Shift-Dir - straight line, f/p - Dowan
Aim: Dowan, wielding a +1 dagger of electrocution and wearing a +0 robe (fast)
You draw life force from Dowan!
You feel life coursing into your body. Dowan misses you.
Casting: Vampiric Draining (safe; 1% risk of failure)
Confirm with . or Enter, or press ? or * to list all spells.
Aiming: Vampiric Draining (safe; 1% risk of failure)
Press: ? - help, Shift-Dir - straight line, f/p - Dowan
Aim: Dowan, wielding a +1 dagger of electrocution and wearing a +0 robe (heavily wounded, fast)
You draw life force from Dowan!
You feel life coursing into your body.
Dowan gestures wildly while chanting.
Dowan blinks!
The giant cockroach waves its antennae.
You closely miss Dowan.
Dowan is almost dead.
Dowan hits you with a +1 dagger of electrocution.
You are electrocuted!!
* * * LOW HITPOINT WARNING * * *
Dowan points at you and mumbles some strange words.
The stone arrow hits you!
You die...

#.........* *,*
#..#####..* *,*
##.#≈≈≈#.#* *,*
#.#≈≈≈#.# *,*
#.#≈∩≈#.###**,*
#.#≈≈B#...,,,,*
#.#≈SS#.#******
#.##+##.#
#.).e@..#
#########


You could see Dowan (fast), 2 adders and a giant cockroach.

Vanquished Creatures
  Menkaure (D:5)
  Duvessa (D:5)
  An ogre (D:4)
  A phantom (D:5)
  2 scorpions
  2 water moccasin skeletons (D:4)
  2 orc priests (D:4)
  A hound (D:4)
  A bullfrog skeleton (D:4)
  Natasha (thrice) (D:3)
  An iguana (D:4)
  A hound skeleton (D:4)
  4 gnolls (D:2)
  6 adders
  A howler monkey skeleton (D:4)
  An adder skeleton (D:2)
  3 worms (D:4)
  4 dart slugs
  9 orcs
  7 bats
  7 endoplasms
  3 giant cockroaches
  2 goblins (D:3)
  5 hobgoblins
  8 jackals
  7 kobolds
  2 quokkas
  4 ball pythons
  2 frilled lizards
  3 rats (D:1)
95 creatures vanquished.

Notes
Turn   | Place    | Note
-------+----------+-------------------------------------------
     0 | D:1      | avis the Deep Dwarf Necromancer began the quest for the
                  | Orb.
     0 | D:1      | Reached XP level 1. HP: 15/15 MP: 3/3
   332 | D:1      | Reached XP level 2. HP: 19/22 MP: 0/5
   780 | D:1      | Reached skill level 5 in Necromancy
  1455 | D:2      | Reached XP level 3. HP: 19/28 MP: 3/6
  1505 | D:1      | Learned a level 3 spell: Vampiric Draining
  2030 | D:2      | Reached XP level 4. HP: 28/36 MP: 0/7
  2226 | D:2      | Reached skill level 6 in Necromancy
  2546 | D:3      | Noticed Natasha
  2552 | D:3      | Killed Natasha
  2691 | D:3      | Found a runed translucent door.
  2943 | D:3      | Reached XP level 5. HP: 41/42 MP: 8/8
  2989 | D:3      | Found a faded altar of an unknown god.
  3199 | D:3      | Noticed Natasha
  3208 | D:3      | Killed Natasha
  3236 | D:3      | Found a runed translucent door.
  3240 | D:3      | Noticed freelancePsychic's ghost (amateur DjEn)
  3308 | D:3      | Noticed Natasha
  3318 | D:3      | Killed Natasha
  3769 | D:4      | Found a glowing silver altar of Zin.
  3870 | D:4      | Reached skill level 7 in Necromancy
  3874 | D:4      | Reached XP level 6. HP: 34/49 MP: 9/9
  4173 | D:4      | Reached skill level 5 in Stealth
  4176 | D:4      | Reached skill level 8 in Necromancy
  4286 | D:4      | Noticed an angel
  4288 | D:4      | Found a shimmering altar of Xom.
  4348 | D:4      | Found a faded altar of an unknown god.
  4348 | D:4      | Found a faded altar of an unknown god.
  4352 | D:4      | Found a faded altar of an unknown god.
  4352 | D:4      | Found a hazy altar of Hepliaklqana.
  4370 | D:4      | Reached XP level 7. HP: 40/55 MP: 4/10
  4498 | D:4      | Identified the ring "Lakle" {Will++ MP+9 Int+2 Dex-3}
  4848 | D:4      | Reached skill level 1 in Armour
  4979 | D:5      | Entered Level 5 of the Dungeon
  5174 | D:5      | Noticed Menkaure
  5187 | D:5      | Killed Menkaure
  5188 | D:5      | Reached skill level 9 in Necromancy
  5211 | D:5      | Noticed Duvessa
  5211 | D:5      | Noticed Dowan
  5223 | D:5      | Found a glowing drain.
  5244 | D:5      | Killed Duvessa
  5245 | D:5      | Reached XP level 8. HP: 16/62 MP: 5/11
  5250 | D:5      | Killed from afar by Dowan

Illustrated notes

Levels and vault maps discovered:
D:1:      dpeg_arrival_simpleton_a, layout_basic, serial_curves, eino_curves_04,
          eino_curves_02, eino_curves_04, eino_curves_02
D:2:      layout_basic
D:3:      layout_loops_corners, chequers_ecumenical_altar_island,
          ebering_ghost_sewer_f, grunt_decor_arrowhead, uniq_natasha
D:4:      layout_loops_ring, nicolae_hepliaklqana_ecumenical_no_more,
          grunt_temple_overflow_order_and_chaos_1
D:5:      layout_basic, gup_sewer_entry_glass, minmay_manual_mares,
          uniq_eustachio, uniq_menkaure, uniq_grinder, uniq_duvessa

Skill      XL: |  1  2  3  4  5  6  7 |
---------------+----------------------+-----
Spellcasting   | 2 |  2.0
Necromancy     | 5 6 7 8 9 |  9.2
Stealth        | 3 4 5 |  5.0
Armour         | 4 |  4.5
Dodging        | |  2.1

Action                   |  1- 3 |  4- 6 |  7- 9 || total
-------------------------+-------+-------+-------++-------
Melee: Short sword       |     5 |    19 |    11 ||    35
       Mace              |       |    15 |    15 ||    30
 Fire: Longbow           |    21 |    70 |    12 ||   103
Throw: Dart              |       |     4 |       ||     4
 Cast: Pain              |    39 |     5 |       ||    44
       Vampiric Draining |     9 |    18 |    24 ||    51
Evoke: Wand              |       |       |     1 ||     1
  Use: Scroll            |       |       |     8 ||     8
 Stab: Sleeping          |       |     1 |       ||     1
Armor: Robe              |     8 |    17 |     8 ||    33
Dodge: Dodged            |    19 |    38 |    18 ||    75

Table legend: (Time is in decaauts)
 A = Elapsed time spent in this place.
 B = Non-inter-level travel time spent in this place.
 C = Inter-level travel time spent in this place.
 D = Time resting spent in this place.
 E = Time spent auto-exploring this place.
 F = Levels seen in this place.
 G = Mean time per level.
                   A        B        C        D        E       F      G
               +--------+--------+--------+--------+--------+-----+--------+
         Total |   5344 |   4977 |    367 |    991 |   2476 |   5 | 1068.8 |
       Dungeon |   5344 |   4977 |    367 |    991 |   2476 |   5 | 1068.8 |
               +--------+--------+--------+--------+--------+-----+--------+

Top non-repeatable levels by time:
     D:1: 1406 daAuts
     D:3: 1329 daAuts
     D:4: 1190 daAuts
     D:2: 1143 daAuts
     D:5: 274 daAuts
